 Dungeon Crawl Stone Soup version 0.27-a0-1612-gde56a17b89 (webtiles) character file.

Game seed: 10726966528867052978

84 robertstho the Magician (level 4, -3/31 HPs)
             Began as a Djinni Fire Elementalist on July 21, 2021.
             Slain by Natasha (5 damage)
             ... on level 2 of the Dungeon.
             The game lasted 00:03:22 (2309 turns).

robertstho the Magician (Djinni Fire Elementalist)  Turns: 2309, Time: 00:03:23

Health: -3/31      AC:  3    Str:  7    XL:     4   Next: 74%
Gold:   52         EV: 12    Int: 17    God:
                   SH:  0    Dex: 14

rFire    + + .     SeeInvis .   c - +0 dagger
rCold    x . .     Faith    .   (no shield)
rNeg     . . .     Spirit   .   a - +0 robe
rPois    ∞         Reflect  .   d - +0 helmet
rElec    .         Harm     .   (no cloak)
rCorr    .         Rampage  .   (no gloves)
Will     .....                  (boots unavailable)
Stlth    ++........             (no amulet)
HPRegen  0.10/turn              (no ring)
MPRegen  0.00/turn              (no ring)

@: flying
A: sickness immunity, fire resistance 2, cold vulnerability 1, float, innate
caster, hp casting, extra vitality 1
a: no special abilities


You were on level 2 of the Dungeon.
You visited 1 branch of the dungeon, and saw 2 of its levels.

You collected 52 gold pieces.

Inventory:

Hand Weapons
 c - a +0 dagger (weapon)
Armour
 a - a +0 robe (worn)
 d - a +0 helmet (worn)
Jewellery
 h - a +6 ring of strength
Scrolls
 b - 2 scrolls of amnesia {unknown}
 f - a scroll of teleportation {unknown}


   Skills:
 + Level 0.1 Fighting
 + Level 2.3 Dodging
 + Level 1.7 Stealth
 * Level 3.9 Spellcasting


You couldn't memorise any spells.
You knew the following spells:

 Your Spells              Type           Power      Damage    Failure   Level
a - Foxfire               Conj/Fire      64%        2x1d7     3%          1
b - Conjure Flame         Conj/Fire      16%        6-21      10%         3
c - Inner Flame           Hex/Fire       16%        N/A       10%         3
d - Sticky Flame          Conj/Fire      16%        2d4       32%         4
e - Fireball              Conj/Fire      8%         3d6       65%         5
f - Pain                  Necr           64%        1d7       3%          1
Your spell library was empty.

Dungeon Overview and Level Annotations

Branches:
Dungeon (2/15)

Altars:

Annotations:
D:2 Natasha


Innate Abilities, Weirdness & Mutations

You are immune to sickness and miasma.
You are immune to poison.
Your flesh is very heat resistant. (rF++)
You are vulnerable to cold. (rC-)
You float through the air rather than walking.
You learn spells naturally, not from books.
Your magical power is your life essence.
You have superior vitality. (+4 HP)


Message History

Press: ? - help, Q - select action, (/) - cycle Dir - look around, f - activate You conjure some foxfire!
Natasha claws you!
The foxfire hits Natasha.
Natasha is severely wounded.
Natasha casts a spell.
Casting: Foxfire (safe; 3% risk of failure)
Press: ? - help, Q - select action, (/) - cycle Dir - look around, f - activate You conjure some foxfire!
Natasha claws you!
* * * LOW HITPOINT WARNING * * *
The foxfire hits Natasha but does no damage.
Natasha is severely wounded.
Natasha claws you.
* * * LOW HITPOINT WARNING * * *
You don't have enough health to cast this spell.
It was a potion of curing.
You feel better.
Natasha stares at you and mumbles some strange words.
You resist with some effort.
You aren't carrying any items that you can evoke.
Okay, then.
Casting: Foxfire (safe; 3% risk of failure)
Press: ? - help, Q - select action, (/) - cycle Dir - look around, f - activate You conjure some foxfire!
* * * LOW HITPOINT WARNING * * *
Natasha claws you.
* * * LOW HITPOINT WARNING * * *
It was a potion of magic.
Magic courses through your body.
The foxfire hits Natasha but does no damage.
Natasha is severely wounded.
Natasha closely misses you.
Casting: Foxfire (safe; 3% risk of failure)
Press: ? - help, Q - select action, (/) - cycle Dir - look around, f - activate You conjure some foxfire!
* * * LOW HITPOINT WARNING * * *
Natasha barely misses you.
The foxfire hits Natasha.
Natasha is severely wounded.
Natasha claws you.
You die...

##### .######.####
..†........# ####.#####.#
#.# #.# #.# #.# ##.## #.#
#########...####.#
..........#....#.#########
..#######...##.#@h5......#
...........###.#########.#
#.########## #..)...... ..
#.# #..######## ## #.#
####..####.... #.#
##.##.......... #.#
##.........)....
#.#######.......########
#.. #...............# #..


You could see Natasha and a crimson imp (summoned).

Vanquished Creatures
  Jessica (D:2)
  An adder (D:2)
  2 worms (D:2)
  A dart slug (D:2)
  3 bats (D:1)
  4 endoplasms
  5 goblins
  5 hobgoblins
  7 jackals
  2 quokkas
  2 ball pythons (D:2)
  A frilled lizard (D:2)
  A kobold (D:1)
  2 rats (D:1)
37 creatures vanquished.

Vanquished Creatures (others)
  153 foxfires
153 creatures vanquished.

Grand Total: 190 creatures vanquished

Notes
Turn   | Place    | Note
-------+----------+-------------------------------------------
     0 | D:1      | robertstho the Djinni Fire Elementalist began the quest for
                  | the Orb.
     0 | D:1      | Reached XP level 1. HP: 15/15 MP: 0/0
   311 | D:1      | Reached XP level 2. HP: 20/21 MP: 0/0
   508 | D:1      | Reached skill level 3 in Spellcasting
   765 | D:1      | Found a faded altar of an unknown god.
   885 | D:1      | Reached XP level 3. HP: 22/25 MP: 0/0
   885 | D:1      | Learned a level 1 spell: Pain
  1241 | D:2      | Noticed Jessica
  1246 | D:2      | Killed Jessica
  1247 | D:2      | Reached XP level 4. HP: 29/31 MP: 0/0
  2285 | D:2      | Noticed Natasha
  2304 | D:2      | HP: 1/31 [Natasha (6)]
  2309 | D:2      | Slain by Natasha

Illustrated notes

Levels and vault maps discovered:
D:1:      sevenhm_arrival_forest_fort_large_4, layout_loops_ring,
          ebering_ecumenical_altar_box
D:2:      layout_loops_ring, amcnicky_mini_corridor_feature, uniq_jessica,
          uniq_natasha

Skill      XL: |  1  2 |
---------------+-------+-----
Spellcasting   | 3 |  3.9
Fighting       | |  0.1
Dodging        | |  2.3
Stealth        | |  1.7

Action                   |  1- 3 |  4- 6 || total
-------------------------+-------+-------++-------
 Cast: Foxfire           |    43 |    58 ||   101
  Use: Potion            |       |     2 ||     2
Armor: Robe              |     2 |     3 ||     5
Dodge: Dodged            |     4 |     9 ||    13

Table legend: (Time is in decaauts)
 A = Elapsed time spent in this place.
 B = Non-inter-level travel time spent in this place.
 C = Inter-level travel time spent in this place.
 D = Time resting spent in this place.
 E = Time spent auto-exploring this place.
 F = Levels seen in this place.
 G = Mean time per level.
                   A        B        C        D        E       F      G
               +--------+--------+--------+--------+--------+-----+--------+
         Total |   2308 |   2258 |     50 |      0 |   2013 |   2 | 1154.0 |
       Dungeon |   2308 |   2258 |     50 |      0 |   2013 |   2 | 1154.0 |
               +--------+--------+--------+--------+--------+-----+--------+

Top non-repeatable levels by time:
     D:1: 1196 daAuts
     D:2: 1111 daAuts
